 Dungeon Crawl Stone Soup version 0.29.1-4-g47bece8355 (webtiles) character file.

Game seed: 7043039966520667357

18 mester the Caller (level 3, -7/26 HPs)
             Began as a Meteoran Summoner on Dec 1, 2022.
             Killed from afar by Natasha (14 damage)
             ... with a puff of flame
             ... on level 2 of the Dungeon.
             The game lasted 00:06:52 (610 turns).

mester the Caller (Meteoran Summoner)                Turns: 610, Time: 00:06:52

Health: -7/26      AC:  2    Str:  9    XL:     3   Next: 5%
Magic:  8/8        EV: 12    Int: 19    God:
Gold:   64         SH:  0    Dex: 14    Spells: 6/7 levels left

rFire   . . .      SeeInvis .   f - +0 short sword
rCold   . . .      Faith    .   (no shield)
rNeg    . . .      Spirit   .   a - +0 robe
rPois   .          Reflect  .   (no helmet)
rElec   .          Harm     .   (no cloak)
rCorr   .          Rampage  .   (no gloves)
Will    .....                   (no boots)
Stlth   +.........              (no amulet)
HPRegen 0.08/turn               (no ring)
MPRegen 0.11/turn               (no ring)

@: glowing
A: sense surroundings 1, otherworldly, glowing, explore regen
a: no special abilities


You were on level 2 of the Dungeon.
You visited 1 branch of the dungeon, and saw 2 of its levels.

You collected 64 gold pieces.

Inventory:

Hand Weapons
 f - a +0 short sword (weapon)
Armour
 a - a +0 robe (worn)
Scrolls
 d - a scroll of silence {unknown}
 e - 2 scrolls of identify {unknown}
 g - a scroll of enchant armour {unknown}
 h - a scroll of poison {unknown}
Potions
 b - a potion of magic
 c - 2 potions of brilliance {unknown}
 i - a potion of curing {unknown}


   Skills:
 + Level 2.5 Dodging
 + Level 1.6 Stealth
 + Level 2.9 Spellcasting
 + Level 5.3 Summonings


You had 6 spell levels left.
You knew the following spells:

 Your Spells              Type           Power      Damage    Failure   Level
a - Summon Small Mammal   Summ           92%        N/A       1%          1

Your spell library contained the following spells:

 Spells                   Type           Power      Damage    Failure   Level
 Call Imp                 Summ           23%        N/A       2%          2
 Call Canine Familiar     Summ           23%        N/A       4%          3
 Summon Guardian Golem    Hex/Summ       13%        N/A       16%         3
 Summon Lightning Spire   Summ/Air       13%        N/A       45%         4
 Storm Form               Tmut/Air       1%         N/A       100%        7
 Maxwell's Capacitive Co  Air            1%         ∞         100%        8


Dungeon Overview and Level Annotations

Branches:
Dungeon (2/15) Zot: 589

Altars:

Annotations:
D:2 Natasha


Innate Abilities, Weirdness & Mutations

You passively map a small area around you.
You are easily found by Zot.
You glow in the dark.
You regain HP and MP as you explore.


Message History

Casting: Summon Small Mammal (safe; 1% risk of failure)
Confirm with . or Enter, or press ? or * to list all spells.
Natasha zaps a wand.
The puff of flame hits your quokka!
Your quokka dies!
Your quokka's corpse disappears in a puff of smoke!
Your quokka misses the crimson imp. The crimson imp hits your quokka.
Your quokka closely misses the crimson imp.
The crimson imp blinks!
Natasha stares at your quokka and mumbles some strange words.
Your quokka seems to slow down.
Casting: Summon Small Mammal (safe; 1% risk of failure)
Confirm with . or Enter, or press ? or * to list all spells.
Something misses your quokka.
Your quokka closely misses the crimson imp.
The crimson imp closely misses your quokka.
The crimson imp blinks!
Your quokka bites Natasha.
Natasha zaps a wand.
The puff of flame hits your quokka!
Your quokka dies!
Your quokka's corpse disappears in a puff of smoke!
The crimson imp misses you.
Natasha hisses angrily.
You hit the crimson imp.
The crimson imp is lightly wounded.
The crimson imp picks up a beetle and eats it.
The crimson imp blinks!
Natasha barely misses your quokka.
The crimson imp disappears in a puff of smoke!
Your quokka bites Natasha.
Natasha closely misses your quokka.
You closely miss the crimson imp.
Your quokka bites Natasha but does no damage.
The crimson imp blinks!
Natasha zaps a wand.
The puff of flame misses your quokka. The puff of flame hits you!
Your quokka closely misses Natasha.
The crimson imp blinks!
You hit the crimson imp but do no damage.
The crimson imp hits you.
* * * LOW HITPOINT WARNING * * *
Natasha zaps a wand.
The puff of flame hits you!
Ouch! That really hurt!
You die...

##############
#....55hr....#
*,
#.##########.#,
#.# ..#h# *#h#
# * #.#r# #.#
#.* #.#.#
*#.......##.#.#
,
#.....#.##.#h#
#..####.5@...#
*
.........r.###
##.######### ,
.. ## ******


You could see Natasha, a crimson imp (summoned, ally target) and a friendly
quokka (summoned).

Vanquished Creatures
  A bat (D:1)
  2 rats (D:1)
3 creatures vanquished.

Vanquished Creatures (collateral kills)
  3 ball pythons (D:1)
  2 hobgoblins (D:1)
  2 kobolds (D:1)
  A quokka (D:1)
  A frilled lizard (D:2)
  4 goblins (D:1)
  A rat (D:1)
14 creatures vanquished.

Grand Total: 17 creatures vanquished

Notes
Turn   | Place    | Note
-------+----------+-------------------------------------------
     0 | D:1      | mester the Meteoran Summoner began the quest for the Orb.
     0 | D:1      | Reached XP level 1. HP: 14/14 MP: 5/5
    70 | D:1      | Reached skill level 5 in Summonings
    78 | D:1      | Reached XP level 2. HP: 18/20 MP: 4/6
   500 | D:1      | Glimpsed the power of Zot.
   526 | D:1      | Reached XP level 3. HP: 26/26 MP: 4/8
   550 | D:1      | Glimpsed the power of Zot.
   561 | D:2      | Noticed Natasha
   610 | D:2      | Killed from afar by Natasha

Illustrated notes

Levels and vault maps discovered:
D:1:      minmay_arrival_nine_rooms, layout_basic
D:2:      layout_basic, minmay_domino_4, uniq_natasha, uniq_sigmund

Skill      XL: |  1 |
---------------+----+-----
Summonings     | 5 |  5.3
Dodging        | |  2.5
Stealth        | |  1.6
Spellcasting   | |  2.9

Action                   || total
-------------------------++-------
Melee: Unarmed           ||     7
       Short sword       ||     4
 Cast: Summon Small Mamm ||    27
Armor: Robe              ||     7
Dodge: Dodged            ||    16
